 Dungeon Crawl Stone Soup version 0.29-a0-338-g1ff7896281 (webtiles) character file.

Game seed: 6802856478943529656

64 domi the Vexing (level 3, -2/24 HPs)
             Began as a Vampire Enchanter on Apr 18, 2022.
             Slain by a kobold
             ... wielding a +2 short sword of holy wrath
              (3 damage)
             ... on level 2 of the Dungeon.
             The game lasted 00:05:14 (1396 turns).

domi the Vexing (Vampire Enchanter)                 Turns: 1396, Time: 00:05:15

Health: -2/24      AC:  2    Str:  7    XL:     3   Next: 91%
Magic:  0/6        EV: 12    Int: 19    God:
Gold:   5          SH:  5    Dex: 14    Spells: 2/7 levels left

rFire   . . .      SeeInvis +   a - +1 dagger
rCold   . . .      Faith    .   (no shield)
rNeg    . . .      Spirit   .   b - +0 robe
rPois   .          Reflect  +   (no helmet)
rElec   .          Harm     .   (no cloak)
rCorr   .          Rampage  .   (no gloves)
Will    .....                   (no boots)
Stlth   +++.......              d - amulet of reflection
HPRegen 0.28/turn               (no ring)
MPRegen 0.10/turn               (no ring)

@: very slightly contaminated, healing quickly, invisible
A: alive, fangs 3, see invisible, vampiric 2
a: Exsanguinate


You were on level 2 of the Dungeon.
You visited 1 branch of the dungeon, and saw 2 of its levels.

You collected 5 gold pieces.

Inventory:

Hand Weapons
 a - a +1 dagger (weapon)
Armour
 b - a +0 robe (worn)
 h - a +0 pair of boots
   (You found it on level 1 of the Dungeon)
Magical Staves
 g - a staff of conjuration {!a}
   (You found it on level 1 of the Dungeon)
Jewellery
 d - an amulet of reflection (around neck)
   (You found it on level 1 of the Dungeon)
 e - a ring of fire {rF+, rC-}
   (You found it on level 1 of the Dungeon)
Scrolls
 f - a scroll of identify {unknown}
 i - a scroll of holy word {unknown}
Potions
 c - a potion of invisibility
 j - a potion of curing {unknown}


   Skills:
 - Level 1.1 Short Blades
 - Level 2.1 Dodging
 - Level 4.4 Stealth
 + Level 2.6 Spellcasting
 * Level 6.0 Hexes
 + Level 1.2 Ice Magic


You had 2 spell levels left.
You knew the following spells:

 Your Spells              Type           Power      Damage    Failure   Level
z - Ensorcelled Hibernat  Hex/Ice        32%        N/A       5%          2
Z - Confusing Touch       Hex            25%        N/A       4%          3

Your spell library contained the following spells:

 Spells                   Type           Power      Damage    Failure   Level
 Tukima's Dance           Hex            25%        N/A       4%          3
 Dazzling Flash           Conj/Hex       28%        N/A       14%         3


Dungeon Overview and Level Annotations

Branches:
Dungeon (2/15)

Altars:

Shops:
D:2 [


Innate Abilities, Weirdness & Mutations

Your natural rate of healing is accelerated.
You have razor-sharp teeth.
You have supernaturally acute eyesight. (SInv)
You are afflicted with vampirism and can become a bat while bloodless.


Message History

You are frozen.
You take 5 damage, and have 15/24 hp.
MASSIVE DAMAGE!!
You hit the endoplasm but do no damage. You block the endoplasm's attack.
You hit the endoplasm.
You bite the endoplasm, but do no damage.
The endoplasm freezes you.
You are frozen.
You hit the endoplasm but do no damage. You bite the endoplasm.
You kill the endoplasm!
Aim: a dart slug (chance to affect: 66%)
The dart slug looks drowsy...
You now have 4/6 mp.
The helpless dart slug fails to defend itself.
You puncture the dart slug!
You kill the dart slug!
An adder comes into view.
The adder hisses angrily.
You hit the giant cockroach.
You bite the giant cockroach, but do no damage.
The giant cockroach misses you.
You hit the giant cockroach. The giant cockroach misses you.
You hit the giant cockroach.
You kill the giant cockroach!
The kobold throws a stone.
You reflect the stone off an invisible shield around you!
The stone hits the kobold but does no damage.
You hit the kobold but do no damage. The kobold hits you but does no damage.
You barely miss the kobold. The kobold misses you.
You hit the kobold. You bite the kobold. You block the kobold's attack.
You closely miss the kobold. You block the kobold's attack.
You hit the kobold.
You kill the kobold!
Aim: an adder (chance to affect: 57%)
The adder resists with significant effort.
The adder barely misses you. The adder bites you.
You take 1 damage, and have 16/24 hp.
You now have 3/6 mp.
You hit the adder. You block the adder's attack.
Aim: an adder (moderately wounded, chance to affect: 57%)
The adder resists with significant effort.
The adder bites you.
You are poisoned.
The adder poisons you!
You take 1 damage, and have 15/24 hp.
You now have 1/6 mp.
You feel sick. The adder bites you but does no damage.
You feel sick.
You take 1 damage, and have 14/24 hp.
You feel sick.
You take 1 damage, and have 13/24 hp.
You feel sick. The adder closely misses you.
You take 1 damage, and have 12/24 hp.
You feel sick.
You are no longer poisoned.
The adder attacks as you move away! The adder closely misses you.
The adder attacks as you move away! You block the adder's attack.
The adder closely misses you.
Aim: an adder (moderately wounded, chance to affect: 57%)
The adder resists with significant effort.
The adder closely misses you.
You now have 0/6 mp.
The adder misses you. The adder attacks as you move away!
The adder closely misses you.
Here: a kobold, wielding a +2 short sword of holy wrath, wearing a +0 leather armour and quivering stones The floor.
The adder attacks as you move away! The adder closely misses you.
You block the adder's attack. The adder attacks as you move away!
The adder bites you.
You take 2 damage, and have 13/24 hp.
The adder attacks as you move away!
The adder bites you but does no damage. x2
You fade into invisibility!
The adder closely misses you.
The kobold throws a stone.
The stone hits the adder but does no damage.
You catch the helpless adder completely off-guard!
You puncture the adder!
You kill the adder!
Your Hexes skill increases to level 6!
You hit the kobold but do no damage. You hit the kobold but do no damage.
The kobold closely misses you.
You hit the kobold but do no damage.
The kobold hits you with a +2 short sword of holy wrath.
You convulse.
You take 7 damage, and have 8/24 hp.
MASSIVE DAMAGE!!
You hit the kobold but do no damage.
The kobold hits you with a +2 short sword of holy wrath.
* * * LOW HITPOINT WARNING * * *
You convulse.
* * * LOW HITPOINT WARNING * * *
You take 2 damage, and have 6/24 hp.
Unknown command.
You barely miss the kobold. You block the kobold's attack.
Aim: a kobold, wielding a +2 short sword of holy wrath, wearing a +0 leather armour and quivering stones (can't see you, chance to affect: 67%)
You miscast Ensorcelled Hibernation.
You are very lightly contaminated with residual magic.
Nothing appears to happen.
The kobold hits you with a +2 short sword of holy wrath.
* * * LOW HITPOINT WARNING * * *
You convulse.
You die...

#############
#........).†#####.
####...####^......
###.# ##....##
######.####..####
##...........######
##K@####.###.......#
##..## #...##.####..
#..## ###.##.# ###
#.## #.##.# ###.#
..#.# ###...# #.#.#
#...### #...# #
#.### ##########..#
# #..#
#.....†..#..######


You could see a kobold (can't see you).

Vanquished Creatures
  An adder (D:2)
  3 dart slugs
  4 ball pythons (D:1)
  9 bats
  5 endoplasms
  A giant cockroach (D:2)
  4 goblins
  6 hobgoblins (D:1)
  5 kobolds
  2 quokkas
  A frilled lizard (D:1)
  A rat (D:2)
  A spectral kobold (D:1)
43 creatures vanquished.

Notes
Turn   | Place    | Note
-------+----------+-------------------------------------------
     0 | D:1      | domi the Vampire Enchanter began the quest for the Orb.
     0 | D:1      | Reached XP level 1. HP: 13/13 MP: 3/3
   151 | D:1      | Reached skill level 5 in Hexes
   151 | D:1      | Reached XP level 2. HP: 19/19 MP: 5/5
   157 | D:1      | Learned a level 2 spell: Ensorcelled Hibernation
   162 | D:1      | Found a faded altar of an unknown god.
   663 | D:1      | Gained mutation: You are afflicted with vampirism and can
                  | become a bat while bloodless. [Vampire growth]
   663 | D:1      | Reached XP level 3. HP: 10/24 MP: 2/6
  1038 | D:1      | Learned a level 3 spell: Confusing Touch
  1168 | D:2      | Found Luleolepn's Antique Armour Shoppe.
  1189 | D:2      | Reached skill level 1 in Ice Magic
  1388 | D:2      | Reached skill level 6 in Hexes
  1394 | D:2      | HP: 6/24 [kobold/+2 short sword of holy wrath (1)]
  1396 | D:2      | HP: 1/24 [kobold/+2 short sword of holy wrath (5)]
  1396 | D:2      | Slain by a kobold

Illustrated notes

Levels and vault maps discovered:
D:1:      dpeg_arrival_rooms_c, layout_loops_corners,
          dreamdust_ecumenical_altar_drowned_temple
D:2:      layout_rooms, serial_shops, shop

Skill      XL: |  1  2  3 |
---------------+----------+-----
Hexes          | 5 6 |  6.0
Ice Magic      | 1 |  1.2
Short Blades   | |  1.1
Dodging        | |  2.1
Stealth        | |  4.4
Spellcasting   | |  2.6

Action                   || total
-------------------------++-------
Melee: Dagger            ||   130
       Bite              ||    11
 Cast: Ensorcelled Hiber ||    22
  Use: Potion            ||     1
 Stab: Sleeping          ||    18
       Invisible         ||     1
Armor: Robe              ||    27
Dodge: Dodged            ||    69
Block: Other             ||    28
       Reflection        ||     2

Table legend: (Time is in decaauts)
 A = Elapsed time spent in this place.
 B = Non-inter-level travel time spent in this place.
 C = Inter-level travel time spent in this place.
 D = Time resting spent in this place.
 E = Time spent auto-exploring this place.
 F = Levels seen in this place.
 G = Mean time per level.
                   A        B        C        D        E       F      G
               +--------+--------+--------+--------+--------+-----+--------+
         Total |   1389 |   1340 |     49 |    171 |    841 |   2 |  694.5 |
       Dungeon |   1389 |   1340 |     49 |    171 |    841 |   2 |  694.5 |
               +--------+--------+--------+--------+--------+-----+--------+

Top non-repeatable levels by time:
     D:1: 1129 daAuts
     D:2: 260 daAuts

Table legend:
 A = Kills in this place as a percentage of kills in entire the game.
 B = Kills by you in this place as a percentage of kills by you in the entire game.
 C = Kills by friends in this place as a percentage of kills by friends in the entire game.
 D = Other kills in this place as a percentage of other kills in the entire game.
 E = Experience gained in this place as a percentage of experience gained in the entire game.
 F = Experience gained in this place divided by the number of levels of this place that you have seen.
                   A       B       C       D       E      F
               +-------+-------+-------+-------+-------+----------------------
         Total | 100.0 | 100.0 |   N/A |   N/A | 100.0 |  46.0
       Dungeon | 100.0 | 100.0 |   N/A |   N/A | 100.0 |  46.0
               +-------+-------+-------+-------+-------+----------------------
